 Dungeon Crawl Stone Soup version 0.30-a0-165-g1891117ce2 (webtiles) character file.

Game seed: 27892165989389059

574 Darkkill the Ruffian (level 7, -15/63 HPs)
             Began as a Troll Artificer on Sept 28, 2022.
             Was a Follower of Nemelex Xobeh.
             Demolished by a small abomination (20 damage)
             ... created by the touch of Lugonu
             ... on level 4 of the Dungeon.
             The game lasted 00:06:02 (3367 turns).

Darkkill the Ruffian (Troll Artificer)              Turns: 3367, Time: 00:06:03

Health: -15/63     AC:  4    Str: 21    XL:     7   Next: 12%
Magic:  6/6        EV: 10    Int:  7    God:    Nemelex Xobeh [*.....]
Gold:   189        SH:  0    Dex: 12    Spells: 6/6 levels left

rFire   . . .      SeeInvis .      - Unarmed
rCold   . . .      Faith    .    (no shield)
rNeg    . . .      Spirit   .    b - +0 robe
rPois   .          Reflect  .    (helmet restricted)
rElec   .          Harm     .    (no cloak)
rCorr   .          Rampage  .    (gloves unavailable)
Will    .....                    (boots unavailable)
Stlth   ++........               (no amulet)
HPRegen 1.00/turn                (no ring)
MPRegen 0.10/turn                (no ring)

@: about to teleport
A: large, unfitting armour, claws 3, regeneration 1, shaggy fur 1, tough skin 1
a: Renounce Religion, Draw Escape, Draw Destruction, Draw Summoning


You were on level 4 of the Dungeon.
You worshipped Nemelex Xobeh.
Nemelex Xobeh was aware of your devotion.
You visited 1 branch of the dungeon, and saw 4 of its levels.

You collected 281 gold pieces.
You spent 92 gold pieces at shops.

Inventory:

Missiles
 c - 4 silver javelins
Armour
 b - a +0 robe (worn)
Jewellery
 k - a ring of resist corrosion
Wands
 a - a wand of flame (12)
 d - a wand of charming (15)
 e - a wand of iceblast (5)
 r - a wand of mindburst (8)
Scrolls
 f - 3 scrolls of poison {unknown}
 h - 2 scrolls of teleportation
 i - 4 scrolls of enchant weapon
 p - a scroll of brand weapon {unknown}
 t - 2 scrolls of magic mapping {unknown}
 u - a scroll of noise {unknown}
 v - a scroll of identify
Potions
 g - 2 potions of brilliance
 j - a potion of flight {unknown}
 l - 4 potions of resistance {unknown}
 m - a potion of lignification {unknown}
 n - a potion of degeneration {unknown}
 o - a potion of ambrosia {unknown}
 q - a potion of invisibility {unknown}
 s - a potion of haste {unknown}


   Skills:
 + Level 1.8 Fighting
 + Level 3.2 Dodging
 + Level 1.5 Stealth
 + Level 4.9 Unarmed Combat
 + Level 3.1 Evocations


You had 6 spell levels left.
You didn't know any spells.
Your spell library was empty.

Dungeon Overview and Level Annotations

Branches:
Dungeon (4/15)
 Temple: D:4-7

Altars:
Ashenzari
Elyvilon
Nemelex Xobeh
Sif Muna
Wu Jian
Zin
Lugonu

Shops:
D:4 *


Innate Abilities, Weirdness & Mutations

You are too large for most types of armour.
You have claws for hands.
Your natural rate of healing is unusually fast.
You are covered in fur. (AC +1)
You have tough skin. (AC +1)


Message History

t - 2 scrolls labelled GUNAHO MOWOU (gained 1)
You open the door.
There is an open door here.
Done exploring.
Done exploring.
Done exploring.
Done exploring.
Done exploring.
Lugonu's wrath scatters you! Lugonu sends minions to punish you.
A thrashing horror and a small abomination come into view.
The thrashing horror roars!
The thrashing horror barely misses you. The thrashing horror tramples you.
You hold your ground!
The thrashing horror tramples you!
You stumble backwards!
The thrashing horror attacks as you move away!
The thrashing horror tramples you.
The thrashing horror barely misses you. x2
The thrashing horror tramples you.
You stumble backwards!
You scratch the thrashing horror but do no damage.
The thrashing horror misses you. x2
The thrashing horror tramples you!
You hold your ground!
The thrashing horror tramples you.
You stumble backwards!
The small abomination barely misses you. x2
You scratch the small abomination.
The small abomination is lightly damaged.
The thrashing horror tramples you!
* * * LOW HITPOINT WARNING * * *
You hold your ground!
The thrashing horror tramples you.
* * * LOW HITPOINT WARNING * * *
You hold your ground!
The small abomination hits you!
* * * LOW HITPOINT WARNING * * *
As you read the scroll of teleportation, it crumbles to dust.
You feel strangely unstable.
The small abomination hits you but does no damage.
The thrashing horror tramples you.
* * * LOW HITPOINT WARNING * * *
You hold your ground!
The thrashing horror tramples you but does no damage.
The small abomination hits you!!
You die...
Your body glows slightly and disappears.

.....#.#.##.#.#..#
.....#.#.##.#.#..#
.....#.#....#.#..#
####.#.'####+.#..#
..^..#........#..#
.....'########'..#
.................#
#.......#######..#
#.......#......X@#
#########......x.#
........#).......#
........#........#
#.......#........#
#.......#........#
##......#........#
.##.....#........#
..##....#........#


You could see a thrashing horror and a small abomination.

Vanquished Creatures
  Grinder (D:4)
  A kobold brigand (D:4)
  2 necrophages (D:4)
  A jelly (D:4)
  A hound (D:4)
  An iguana (D:4)
  An adder (D:2)
  An ufetubus (D:4)
  A worm (D:2)
  2 dart slugs
  An orc (D:4)
  6 ball pythons
  5 endoplasms
  8 giant cockroaches
  7 goblins
  8 hobgoblins
  6 quokkas
  4 bats
  2 frilled lizards (D:1)
  6 kobolds
  A rat (D:2)
66 creatures vanquished.

Notes
Turn   | Place    | Note
-------+----------+-------------------------------------------
     0 | D:1      | Darkkill the Troll Artificer began the quest for the Orb.
     0 | D:1      | Reached XP level 1. HP: 18/18 MP: 0/0
    40 | D:1      | Found a faded altar of an unknown god.
    60 | D:1      | Prayed at the altar of an unknown god.
    60 | D:1      | Became a worshipper of Lugonu the Unformed
    60 | D:1      | Reached * piety under Lugonu
    60 | D:1      | Reached ** piety under Lugonu
   172 | D:1      | Reached XP level 2. HP: 26/26 MP: 1/1
   422 | D:1      | Reached skill level 1 in Unarmed Combat
   810 | D:2      | Reached XP level 3. HP: 32/32 MP: 2/2
   952 | D:2      | Reached skill level 1 in Fighting
  1520 | D:3      | Reached *** piety under Lugonu
  1860 | D:3      | Found a shimmering blue altar of Sif Muna.
  1909 | D:3      | Found a sparkling altar of Nemelex Xobeh.
  1978 | D:3      | Fell from the grace of Lugonu
  1978 | D:3      | Became a worshipper of Nemelex Xobeh the Trickster
  2058 | D:3      | Found an ornate altar of the Wu Jian Council.
  2139 | D:3      | Reached XP level 4. HP: 41/41 MP: 3/3
  2519 | D:4      | Noticed a necrophage
  2521 | D:4      | Reached skill level 2 in Unarmed Combat
  2532 | D:4      | Killed a necrophage
  2643 | D:4      | Noticed a kobold brigand
  2649 | D:4      | Killed a kobold brigand
  2650 | D:4      | Reached skill level 1 in Stealth
  2650 | D:4      | Reached skill level 3 in Unarmed Combat
  2650 | D:4      | Reached XP level 5. HP: 48/48 MP: 4/4
  2677 | D:4      | Reached XP level 6. HP: 53/55 MP: 5/5
  2779 | D:4      | Found a broken altar of Ashenzari.
  2869 | D:4      | Reached skill level 4 in Unarmed Combat
  2895 | D:4      | Reached * piety under Nemelex Xobeh
  2896 | D:4      | Noticed Grinder
  2921 | D:4      | Paralysed by Grinder for 5 turns
  2932 | D:4      | Killed Grinder
  2938 | D:4      | Reached XP level 7. HP: 24/63 MP: 6/6
  3010 | D:4      | Found Donou's Elemental Accessories.
  3018 | D:4      | Bought a wand of flame (12) for 92 gold pieces
  3049 | D:4      | Found a glowing silver altar of Zin.
  3119 | D:4      | Found a white marble altar of Elyvilon.
  3136 | D:4      | Received a gift from Nemelex Xobeh
  3358 | D:4      | Noticed a thrashing horror
  3367 | D:4      | Demolished by a small abomination

Illustrated notes

Levels and vault maps discovered:
D:1:      lemuel_arrival_behind_the_door_small, layout_loops_ring,
          dreamdust_ecumenical_altar_statues
D:2:      layout_loops_ring, minivault_26
D:3:      layout_loops_ring, led_sif_book, nemelex_spade_bored_becter,
          nicolae_overflow_hidden_temple, chequers_mini_garden
D:4:      layout_gridville, mainiacjoe_overflow_surrounded_room,
          elyvilon_altar_4, lemuel_round_altar, nicolae_elemental_shop,
          minivault_11, hangedman_decor_push, minmay_bisected, uniq_grinder

Skill      XL: |  1  2  3  4  5  6 |
---------------+-------------------+-----
Dodging        | 2 3 |  3.2
Unarmed Combat | 1 3 4 |  4.9
Fighting       | 1 |  1.8
Stealth        | 1 |  1.5
Evocations     | 3 |  3.1

Action                   |  1- 3 |  4- 6 |  7- 9 || total
-------------------------+-------+-------+-------++-------
Melee: Unarmed           |   128 |    55 |     8 ||   191
       Punch             |     1 |     2 |       ||     3
Evoke: Wand              |       |    15 |       ||    15
  Use: Scroll            |       |     4 |     1 ||     5
       Potion            |       |     2 |       ||     2
 Stab: Sleeping          |     1 |     2 |       ||     3
Armor: Robe              |    42 |    25 |     2 ||    69
Dodge: Dodged            |    74 |    28 |    10 ||   112

Table legend: (Time is in decaauts)
 A = Elapsed time spent in this place.
 B = Non-inter-level travel time spent in this place.
 C = Inter-level travel time spent in this place.
 D = Time resting spent in this place.
 E = Time spent auto-exploring this place.
 F = Levels seen in this place.
 G = Mean time per level.
                   A        B        C        D        E       F      G
               +--------+--------+--------+--------+--------+-----+--------+
         Total |   3358 |   3252 |    106 |      0 |   2431 |   4 |  839.5 |
       Dungeon |   3358 |   3252 |    106 |      0 |   2431 |   4 |  839.5 |
               +--------+--------+--------+--------+--------+-----+--------+

Top non-repeatable levels by time:
     D:3: 1002 daAuts
     D:4: 869 daAuts
     D:1: 771 daAuts
     D:2: 715 daAuts
